 Dungeon Crawl Stone Soup version 0.30.1-3-gfc49f6343a (webtiles) character file.

Game seed: 11057701367862708314

29 Pepete the Digger (level 3, 0/20 HPs)
             Began as a Gargoyle Earth Elementalist on July 27, 2023.
             Slain by a gnoll
             ... wielding a +0 club
              (6 damage)
             ... on level 2 of the Dungeon.
             The game lasted 00:01:15 (2444 turns).

Pepete the Digger (Gargoyle Earth Elementalist)     Turns: 2444, Time: 00:01:16

Health: 0/20       AC:  5    Str: 11    XL:     3   Next: 16%
Magic:  0/6        EV: 11    Int: 17    God:
Gold:   72         SH:  0    Dex: 10    Spells: 5/6 levels left

rFire   . . .        g - +0 rapier
rCold   . . .        (no shield)
rNeg    + . .        a - +0 robe
rPois   ∞            (no helmet)
rElec   +            (no cloak)
rCorr   .            (no gloves)
SInv    .            (no boots)
Will    .....        (no amulet)
Stlth   ++           (no ring)
HPRegen 0.23/turn    (no ring)
MPRegen 0.10/turn

%: no passive effects
@: no status effects
A: sickness immunity, AC +3, negative energy resistance 1, electricity
resistance, torment resistance 1, petrification resistance
a: no special abilities


You were on level 2 of the Dungeon.
You visited 1 branch of the dungeon, and saw 2 of its levels.

You collected 72 gold pieces.

Inventory:

Hand Weapons
 g - a +0 rapier (weapon)
Armour
 a - a +0 robe (worn)
Scrolls
 c - 2 scrolls of blinking {unknown}
 d - a scroll of noise {unknown}
 f - a scroll of identify {unknown}
 h - a scroll of fear {unknown}
Potions
 b - a potion of magic
 e - a potion of heal wounds {unknown}
 i - a potion of haste {unknown}


   Skills:
 * Level 1.3 Fighting
 * Level 1.4 Armour
 - Level 1.5 Dodging
 - Level 2.1 Stealth
 + Level 2.2 Spellcasting
 + Level 1.0 Transmutations
 + Level 3.8 Earth Magic


You had 5 spell levels left.
You knew the following spells:

 Your Spells              Type           Power      Damage    Failure   Level
a - Sandblast             Erth           30%        2d9       3%          1

Your spell library contained the following spells:

 Spells                   Type           Power      Damage    Failure   Level
 Passwall                 Tmut/Erth      8%         N/A       11%         2
 Stone Arrow              Conj/Erth      16%        3d8       26%         3
 Petrify                  Tmut/Erth      10%        N/A       56%         4


Dungeon Overview and Level Annotations

Branches:
Dungeon (2/15)

Altars:


Innate Abilities, Weirdness & Mutations

You are immune to sickness and miasma.
Your stone body is resilient. (AC +3)
You are immune to poison.
You resist negative energy. (rN+)
You are resistant to electric shocks. (rElec)
You are resistant to unholy torment.
You are immune to petrification.


Message History

There is an open door here.
Found an escape hatch in the ceiling.
There is an escape hatch in the ceiling here. 2 gnolls come into view.
There are monsters nearby!
You can't see any susceptible monsters within range! (Use Z to cast anyway.)
You can't see any susceptible monsters within range! (Use Z to cast anyway.)
A gnoll comes into view. It is wielding a +0 spear.
A gnoll comes into view. It is wielding a +0 spear.
The blast of sand hits the gnoll.
The gnoll is heavily wounded.
The gnoll shouts!
The blast of sand hits the gnoll.
The gnoll is severely wounded.
The gnoll shouts!
The blast of sand hits the gnoll!
You kill the gnoll!
You have reached level 3!
Your experience leads to an increase in your attributes!
Increase (S)trength, (I)ntelligence, or (D)exterity?
You feel clever. x2
The gnoll barely misses you.
Things that are here:
a +0 whip; a gnoll corpse The blast of sand hits the gnoll.
The gnoll is moderately wounded.
The gnoll barely misses you.
The blast of sand hits the gnoll.
The gnoll is moderately wounded.
The blast of sand hits the gnoll.
The gnoll is almost dead.
The gnoll completely misses you. The gnoll hits you with a +0 club!
The gnoll hits you from afar with a +0 spear.
You are too injured to fight recklessly!
You hit the gnoll but do no damage.
The gnoll is almost dead.
The gnoll hits you from afar with a +0 spear.
* * * LOW HITPOINT WARNING * * *
The gnoll hits you with a +0 club.
You die...

~...... ....... #.#
....... #.# ....... #.#
....... #.# #+#### #.#
#.# #.# #.# #.# #.# #@#
#.########### #g#
#.##........# #g#
#'##........# #g#
..†#........####)#######
...#...............g.g..
...'..................##
...#.........########.#
#'##########.# #


You could see 3 gnolls.

Vanquished Creatures
  A gnoll (D:2)
  A dart slug (D:1)
  4 ball pythons
  An endoplasm (D:1)
  A giant cockroach (D:1)
  3 goblins
  A hobgoblin (D:1)
  A bat (D:1)
  A frilled lizard (D:1)
  3 rats
17 creatures vanquished.

Notes
Turn   | Place    | Note
-------+----------+-------------------------------------------
     0 | D:1      | Pepete the Gargoyle Earth Elementalist began the quest for
                  | the Orb.
     0 | D:1      | Reached XP level 1. HP: 10/10 MP: 3/3
   756 | D:1      | Reached XP level 2. HP: 16/16 MP: 1/5
  1396 | D:1      | Reached skill level 1 in Armour
  1816 | D:1      | Reached skill level 1 in Fighting
  1816 | D:1      | Reached skill level 1 in Transmutations
  1877 | D:2      | Found a faded altar of an unknown god.
  2436 | D:2      | Reached XP level 3. HP: 20/20 MP: 2/6
  2444 | D:2      | Slain by a gnoll

Illustrated notes

Levels and vault maps discovered:
D:1:      scummos_arrival_simple_fountains, layout_loops_ring
D:2:      layout_basic, nicolae_ecumenical_lake_church, moated_statue,
          hangedman_decor_clover_reticule

Skill      XL: |  1  2 |
---------------+-------+-----
Armour         | 1 |  1.4
Fighting       | 1 |  1.3
Transmutations | 1 |  1.0
Dodging        | |  1.5
Stealth        | |  2.1
Spellcasting   | |  2.2
Earth Magic    | |  3.8

Action                     || total
---------------------------++-------
  Melee: Rapier            ||     4
   Cast: Sandblast         ||    28
 Armour: Robe              ||     1
  Dodge: Dodged            ||    10
